AoeStats
← Lord Adotar

Enclosed

506467349Analyzed
1v1 RM · 17d ago on Sep 13, 2026· 59m 19s· 2 players
Game mode
Random Map
Map size
Tiny (2 player)
Population
200
Speed
Normal
Resources
Standard
Victory
Conquest
Starting age
Dark Age
Ending age
Imperial Age
RankedLock teamsTeams togetherTeam positionsShared explorationLock speedFull tech treeHidden civsTurbo modeCheats
Victory
Defeat
🇬🇧 Georgians · United Kingdom
870
+17
🇻🇪 Teutons · Venezuela
892
-17
grizz_brit
2:59 Loom
11:42 Feudal Age
12:10 Double-Bit Axe
18:25 Castle Age
16:40 Forging
17:23 Horse Collar
18:02 Scale Barding Armor
20:02 Wheelbarrow
19:39 Bow Saw
20:10 Husbandry
23:03 Heavy Plow
23:26 Town Watch
26:03 Fletching
26:23 Pikeman
31:33 Bodkin Arrow
33:05 Bloodlines
33:47 Gold Mining
36:52 Chain Barding Armor
42:15 Imperial Age
40:53 Stone Mining
46:06 Bracer
47:11 Ballistics
47:03 Masonry
47:40 Plate Barding Armor
48:13 Conscription
49:15 Aznauri Cavalry
49:14 Light Cavalry
50:30 Iron Casting
50:33 Architecture
50:09 Hussar
53:11 Chemistry
51:52 Treadmill Crane
53:06 Guard Tower
53:02 Arrowslits
54:44 Blast Furnace
57:35 Hand Cart
Lord Adotar
8:23 Loom
10:10 Feudal Age
13:14 Double-Bit Axe
16:01 Forging
17:10 Horse Collar
19:41 Castle Age
21:05 Iron Casting
22:28 Scale Barding Armor
23:55 Bloodlines
24:22 Bow Saw
24:13 Heavy Plow
28:39 Fletching
30:16 Ironclad
31:10 Town Watch
32:01 Wheelbarrow
38:25 Imperial Age
37:41 Squires
37:30 Arson
38:07 Chain Barding Armor
38:52 Ironclad
39:24 Town Patrol
39:40 Hand Cart
39:49 Cavalier
42:28 Crenellations
48:11 Ballistics
50:27 Onager
52:19 Conscription
52:43 Sanctity
55:43 Capped Ram
Connection lost

Rejoining the realm…

Still unreachable

The connection could not be restored.

Session expired

The server has moved on; the page needs a fresh start.